 Dungeon Crawl Stone Soup version 0.31-a0-667-g39726597b9 (webtiles) character file.

Game seed: 13710625074718845074

4 Bravepunisher the Ducker (level 1, -3/11 HPs)
             Began as a Spriggan Monk on Sept 3, 2023.
             Killed by divine providence
             ... invoked by Jeremiah
              (14 damage)
             ... on level 6 of the Dungeon.
             The game lasted 00:01:09 (217 turns).

Bravepunisher the Ducker (Spriggan Monk)             Turns: 217, Time: 00:01:15

Health: -3/11      AC:  2    Str:  7    XL:     1   Next: 50%
Magic:  2/2        EV: 19    Int: 11    God:
Gold:   15         SH:  0    Dex: 17    Spells: 0/0 levels left

rFire   . . .        a - +0 short sword
rCold   . . .        d - orb {light}
rNeg    . . .        b - +0 robe
rPois   .            (helmet restricted)
rElec   .            (no cloak)
rCorr   .            (gloves unavailable)
SInv    +            (boots unavailable)
Will    .....        (no amulet)
Stlth   +            (no ring)
HPRegen 0.21/turn    (no ring)
MPRegen 0.08/turn

%: no passive effects
@: glowing, very quick
A: very small, no large weapons, unfitting armour, see invisible, speed 3
a: no special abilities


You were on level 6 of the Dungeon.
You visited 1 branch of the dungeon, and saw 6 of its levels.

You collected 15 gold pieces.

Inventory:

Hand Weapons
 a - a +0 short sword (weapon)
Armour
 b - a +0 robe (worn)
 d - an orb of light (worn)
Wands
 e - a wand of iceblast (8)
Scrolls
 f - a scroll of identify {unknown}
 g - a scroll of revelation {unknown}
Potions
 c - a potion of ambrosia


   Skills:
 + Level 2.5 Fighting
 - Level 3.2 Short Blades
 * Level 4.3 Dodging


You couldn't memorise any spells.
You didn't know any spells.
Your spell library was empty.

Dungeon Overview and Level Annotations

Branches:
Dungeon (6/15)
 Temple: D:4-7

Altars:

Shops:
D:5 *

Annotations:
D:4 Robin
D:6 Jeremiah


Innate Abilities, Weirdness & Mutations

You are very small and have problems with some larger weapons.
You are too small for most types of armour.
You have supernaturally acute eyesight. (SInv)
You cover ground extremely quickly. (Speed+++)


Message History

Found a tubular diamond ring.
An endoplasm comes into view.
Found a battleaxe.
The endoplasm quivers.
A ball python comes into view.
Found a stone staircase leading up.
The endoplasm completely misses you.
You see here a ring of poison resistance.
Found a stone staircase leading down.
There is a stone staircase leading down here.
You climb downwards.
Found Kalimeuj's Elemental Accessories.
There is a stone staircase leading up here.
Found a stone staircase leading down.
Found 7 gold pieces.
Found an escape hatch in the ceiling.
There is an entrance to Kalimeuj's Elemental Accessories here.
An orc wizard and an orc come into view.
The orc wizard shouts!
The orc shouts!
You hear a shout!
There is a stone staircase leading down here.
You climb downwards.
You hear the hiss of flowing sand.
There is an entrance to an ossuary on this level.
Hurry and find it before the portal is buried!
You hear the sound of rushing water.
There is an entrance to a sewer on this level.
Hurry and find it before the portal rusts away!
The steam dragon hisses angrily.
The orc shouts! x3; You hear a shout!
Found a fizzy brown potion.
There is a stone staircase leading up here.
The steam dragon breathes steam at you. The ball of steam misses you.
Okay, then.
The orc is engulfed in a cloud of scalding steam.
Found 7 gold pieces.
Found a potion of ambrosia.
Found an escape hatch in the ceiling.
Jeremiah, Barachi Dreamer comes into view.
They are wielding a +3 trident of draining and wearing an orb of guile.
Jeremiah cries, "Fearful master, protect me!"
Something smites you!
Ouch! That really hurt!
You die...
Jeremiah asks, "What happened?
Did... did you die?"

#...................
#...................
#...................
#...................
#.................##
#.............$...#
#.................#
#.................#
#..@.....!........#
#.................+
....................#
.Fb..............
..b.............
...............
..<............
##############.


You could see Jeremiah.

Vanquished Creatures
  A ball python (D:1)
  A goblin (D:1)
  A kobold (D:4)
3 creatures vanquished.

Notes
Turn   | Place    | Note
-------+----------+-------------------------------------------
     0 | D:1      | Bravepunisher the Spriggan Monk began the quest for the
                  | Orb.
     0 | D:1      | Reached XP level 1. HP: 11/11 MP: 2/2
   127 | D:4      | Noticed Robin
   171 | D:5      | Entered Level 5 of the Dungeon
   171 | D:5      | Found Kalimeuj's Elemental Accessories.
   187 | D:5      | Noticed an orc wizard
   189 | D:6      | Noticed a steam dragon
   217 | D:6      | Noticed Jeremiah
   217 | D:6      | Killed from afar by Jeremiah

Illustrated notes

Levels and vault maps discovered:
D:1:      dpeg_arrival_radiant, layout_basic, hex_intersection
D:2:      layout_basic, basic_ecumenical_altar, minmay_split_cup_small
D:3:      layout_loops_cross, elyvilon_altar_3, hellmonk_ghost_happy_afterlife,
          uniq_ijyb, uniq_crazy_yiuf_cottage
D:4:      layout_loops_cross, mainiacjoe_overflow_two_lobes, uniq_robin
D:5:      layout_loops_cross, mainiacjoe_overflow_paths,
          gammafunk_ghost_cemetery, nicolae_elemental_shop, feat_on_display,
          uniq_eustachio
D:6:      layout_gridville, minmay_temple_entry_waves, serial_shops, shop,
          nicolae_ossuary_entry_ruins, gup_sewer_entry_spiral, uniq_jeremiah,
          uniq_grinder

Action                     || total
---------------------------++-------
  Melee: Short sword       ||     8
 Armour: Robe              ||     4
  Dodge: Dodged            ||     7

Table legend: (Time is in decaauts)
 A = Elapsed time spent in this place.
 B = Non-inter-level travel time spent in this place.
 C = Inter-level travel time spent in this place.
 D = Time resting spent in this place.
 E = Time spent auto-exploring this place.
 F = Levels seen in this place.
 G = Mean time per level.
                   A        B        C        D        E       F      G
               +--------+--------+--------+--------+--------+-----+--------+
         Total |    143 |    143 |      0 |      0 |     56 |   6 |   23.8 |
       Dungeon |    143 |    143 |      0 |      0 |     56 |   6 |   23.8 |
               +--------+--------+--------+--------+--------+-----+--------+

Top non-repeatable levels by time:
     D:2: 47 daAuts
     D:4: 43 daAuts
     D:6: 17 daAuts
     D:1: 15 daAuts
     D:5: 11 daAuts
     D:3: 9 daAuts
